 Dungeon Crawl Stone Soup version 0.25-a0-55-g0753fd1ad2 (webtiles) character file.

Game seed: 17998098343269044668, levelgen mode: deterministic

207 Gargoyl the Skirmisher (level 5, 0/46 HPs)
             Began as a Draconian Abyssal Knight on Oct 25, 2019.
             Was a Believer of Lugonu.
             Killed from afar by an orc wizard (7 damage)
             ... with a magic dart
             ... on level 3 of the Dungeon.
             The game lasted 00:04:20 (3883 turns).

Gargoyl the Skirmisher (Draconian Abyssal Knight)   Turns: 3883, Time: 00:04:21

Health: 0/46       AC:  6    Str: 15    XL:     5   Next: 54%
Magic:  7/7        EV: 12    Int: 12    God:    Lugonu [**....]
Gold:   169        SH:  5    Dex: 11    Spells: 4/4 levels left

rFire    . . .     SeeInvis .   a - +1 hand axe
rCold    . . .     Gourm    .   o - +2 buckler
rNeg     . . .     Faith    .   (armour unavailable)
rPois    .         Spirit   .   (helmet restricted)
rElec    .         Reflect  .   (no cloak)
rCorr    .         Harm     .   c - +0 pair of gloves (curse)
MR       .....                  (no boots)
Stlth    +.........             (no amulet)
HPRegen  0.15/turn              (no ring)
MPRegen  0.10/turn              (no ring)

@: no status effects
A: unfitting armour, cold-blooded, AC +5
a: Depart the Abyss, Bend Space, Renounce Religion


You were on level 3 of the Dungeon.
You worshipped Lugonu.
Lugonu was pleased with you.
You were not hungry.

You visited 1 branch of the dungeon, and saw 4 of its levels.
You visited the Abyss 1 time.

You collected 169 gold pieces.

Inventory:

Hand Weapons
 a - a +1 hand axe (weapon)
Missiles
 p - 5 silver javelins (quivered)
Armour
 c - a cursed +0 pair of gloves (worn)
 o - a +2 buckler (worn)
Scrolls
 f - 3 scrolls of identify
 h - a scroll of amnesia {unknown}
 i - a scroll of immolation
 n - a scroll of remove curse {unknown}
Potions
 d - 3 potions of curing
 g - a potion of mutation {unknown}
 j - a potion of invisibility {unknown}
 k - 2 potions of heal wounds {unknown}
 l - a potion of lignification {unknown}
 m - a potion of flight {unknown}
Comestibles
 b - 8 rations


   Skills:
 + Level 4.0 Fighting
 + Level 3.4 Axes
 * Level 3.6 Dodging
 + Level 0.6 Stealth
 + Level 0.1 Shields
 * Level 3.1 Invocations


You had 4 spell levels left.
You didn't know any spells.
Your spell library was empty.

Dungeon Overview and Level Annotations

Branches:
Dungeon (4/15)
 Temple: D:4-7

Altars:
Dithmenos
Makhleb
The Shining One


Innate Abilities, Weirdness & Mutations

Your plain brown scales are hard. (AC +5)
You cannot fit into any form of body armour.
You are cold-blooded and may be slowed by cold attacks.


Message History

* * * LOW HITPOINT WARNING * * *
You hit the gnoll.
You kill the gnoll!
Lugonu accepts your kill.
You miss something.
Something hits you but does no damage. x2
A magic dart appears from out of thin air!
The magic dart hits you.
* * * LOW HITPOINT WARNING * * *
Something hits you.
* * * LOW HITPOINT WARNING * * *
You closely miss something. You tail-slap something.
Something hits you but does no damage.
You feel better. Something hits you but does no damage.
A magic dart appears from out of thin air!
The magic dart hits you!
* * * LOW HITPOINT WARNING * * *
You hear some strange, mumbled words.
A magic dart appears from out of thin air!
The magic dart hits you!
You die...

.##### #..............##...#
.#...# #..............##)(.##
.#...# #####..............##.....
.#...# #..................##.....
.#...# #...........##.........)..
.#...###...........####..........
.#.................####......##.#
.........#...###>..).........##..
.........#...##≈@≈####.......####
.....#####...##≈.≈#..........# #
.....#####.....≈.≈.........#.####
.....##........≈≈≈...#.##.......#
.....#♣.♣....###...#........###.#
.....♣P.♣♣...'.####...≈≈≈≈≈...#..
.....♣..P♣...#.###..≈≈≈≈≈≈≈≈≈....
.....♣♣.P♣####.#..≈≈≈≈≈≈≈≈≈≈≈....
'####♣♣.♣♣ #...≈≈≈≈≈≈≈≈≈≈≈≈≈...


There were no monsters in sight!

Vanquished Creatures
  Jessica (D:2)
  A worker ant (D:3)
  6 adders
  2 gnolls (D:3)
  2 oozes
  A worm (D:3)
  2 dart slugs
  4 leopard geckos (D:1)
  3 orcs (D:3)
  2 ball pythons
  7 bats
  5 goblins
  6 hobgoblins
  7 jackals
  A frilled lizard (D:2)
  8 kobolds
  7 rats
65 creatures vanquished.

Notes
Turn   | Place    | Note
-------+----------+-------------------------------------------
     0 | Abyss:1  | Gargoyl the Draconian Abyssal Knight began the quest for
                  | the Orb.
     0 | Abyss:1  | Reached XP level 1. HP: 19/19 MP: 2/2
   140 | Abyss:5  | Entered Level 5 of the Abyss
   140 | Abyss:5  | Noticed a large abomination
   140 | Abyss:5  | Noticed a large abomination
   140 | Abyss:5  | Noticed a small abomination
   140 | Abyss:5  | Noticed a shining eye
   140 | Abyss:5  | Noticed a small abomination
   140 | Abyss:5  | Noticed a cacodemon
   140 | Abyss:5  | Noticed a flying skull
   140 | Abyss:5  | Noticed a glowing orange brain
   140 | Abyss:5  | Noticed a large abomination
   140 | Abyss:5  | Noticed a small abomination
   140 | Abyss:5  | Noticed a floating eye
   140 | Abyss:5  | Noticed a small abomination
   140 | Abyss:5  | Noticed an Executioner
   141 | D:1      | Escaped the Abyss
   474 | D:1      | Reached XP level 2. HP: 21/26 MP: 3/3
   871 | D:1      | Reached * piety under Lugonu
  1488 | D:1      | Reached XP level 3. HP: 28/33 MP: 4/4
  1811 | D:2      | Reached XP level 4. HP: 40/40 MP: 5/5
  1840 | D:2      | Noticed Jessica
  1850 | D:2      | Killed Jessica
  2006 | D:2      | Found a burning altar of Makhleb.
  2008 | D:2      | Noticed a green death
  2136 | D:2      | Found a shadowy altar of Dithmenos.
  2349 | D:2      | Reached skill level 4 in Fighting
  2525 | D:3      | Found a glowing golden altar of the Shining One.
  2561 | D:3      | Reached XP level 5. HP: 45/46 MP: 7/7
  2778 | D:3      | Reached ** piety under Lugonu
  3368 | D:4      | HP: 1/46 [gnoll/+0 spear (7)]
  3883 | D:3      | Killed from afar by an orc wizard

Levels and vault maps discovered:
D:1:      eino_arrival_cavern_c, layout_basic, minmay_tree_intersection
D:2:      layout_basic, makhleb_altar_promises_db, grunt_ministairs_4,
          grunt_dithmenos_smoke, uniq_jessica
D:3:      layout_basic, serial_forest, infiniplex_forest_straight_2,
          infiniplex_forest_end_2, infiniplex_forest_clump_cross,
          infiniplex_forest_lined_room_2, infiniplex_forest_end_1,
          chequers_serial_rivers_micro_d, lemuel_altar_in_water
D:4:      minmay_wonky_spiral, layout_basic, first_ration

Table legend:
 A = Non-vault XP
 B = Vault XP
 C = Vault XP percentage of total XP
 D = Non-vault monster count
 E = Vault monster count
 F = Vault count percentage of total count
                 A         B        C        D         E       F
            +---------+---------+-------+---------+---------+-------
      Total |     250 |      47 |  15.8 |      59 |       6 |   9.2
            +---------+---------+-------+---------+---------+-------
        D:1 |      57 |       0 |   0.0 |      20 |       0 |   0.0
        D:2 |      90 |      47 |  34.3 |      20 |       6 |  23.1
        D:3 |     103 |       0 |   0.0 |      19 |       0 |   0.0
            +---------+---------+-------+---------+---------+-------
